 Dungeon Crawl Stone Soup version 0.22-a0-32-ga749362 (webtiles) character file.

117 mopl the Caller (level 5, -8/35 HPs)
             Began as a Merfolk Summoner on Jan 3, 2018.
             Mangled by an orc warrior
             ... wielding a +0 glaive
              (20 damage)
             ... on level 3 of the Dungeon.
             The game lasted 00:05:23 (2856 turns).

mopl the Caller (Merfolk Summoner)                  Turns: 2856, Time: 00:05:24

Health: -8/35      AC:  7    Str:  9    XL:     5   Next: 1%
Magic:  1/19       EV: 13    Int: 15    God:
Gold:   155        SH:  4    Dex: 14    Spells: 1/10 levels left

rFire    . . .     SeeInvis .   f - +0 short sword
rCold    . . .     Gourm    .   (no shield)
rNeg     . . .     Faith    .   a - +0 robe
rPois    +         Spirit   .   (no helmet)
rElec    .         Reflect  +   v - +0 cloak
rCorr    .         Harm     .   u - +0 pair of gloves
MR       .....                  k - +2 pair of boots
Stlth    ++........             l - +4 amulet of reflection
HPRegen  0.11/turn              i - ring of poison resistance
MPRegen  0.16/turn              t - ring of magical power

@: very slightly contaminated
A: change form in water, swift swim, stealthy swim
a: no special abilities


You were on level 3 of the Dungeon.
You were not hungry.

You visited 1 branch of the dungeon, and saw 3 of its levels.

You collected 155 gold pieces.

Inventory:

Hand Weapons
 f - a +0 short sword (weapon)
Missiles
 g - 3 tomahawks (quivered)
 j - 35 poisoned needles
Armour
 a - a +0 robe (worn)
 k - a +2 pair of boots (worn)
 u - a +0 pair of gloves (worn)
 v - a +0 cloak (worn)
Jewellery
 i - a ring of poison resistance (left hand)
 l - a +4 amulet of reflection (around neck)
 t - a ring of magical power (right hand)
Scrolls
 d - 3 scrolls of remove curse {unknown}
 h - 4 scrolls of teleportation {unknown}
 m - 3 scrolls of identify {unknown}
 n - a scroll of fog {unknown}
 o - a scroll of immolation {unknown}
 q - a scroll of enchant armour {unknown}
Potions
 e - a potion of flight {unknown}
 p - 2 potions of curing {unknown}
 r - a potion of resistance {unknown}
 s - a potion of invisibility {unknown}
 w - 2 potions of heal wounds {unknown}
 x - 2 potions of agility {unknown}
Books
 b - a book of Callings

   Spells                             Type                      Level
   a - Summon Small Mammal            Summoning                    1
   b - Call Imp                       Summoning                    2
   c - Call Canine Familiar           Summoning                    3
   d - Summon Guardian Golem          Hexes/Summoning              3
   e - Summon Lightning Spire         Summoning/Air                4
   f - Summon Ice Beast               Ice/Summoning                4
Comestibles
 c - 6 rations


   Skills:
 - Level 2.6 Dodging
 - Level 2.1 Stealth
 + Level 3.3 Spellcasting
 + Level 5.3 Summonings


You had one spell level left.
You knew the following spells:

 Your Spells              Type           Power        Failure   Level  Hunger
a - Summon Small Mammal   Summ           ###.         2%          1    None
b - Call Imp              Summ           ###.....     3%          2    ##.....
c - Call Canine Familiar  Summ           ###.....     6%          3    ###....
h - Summon Guardian Gole  Hex/Summ       ##......     19%         3    ###....


Dungeon Overview and Level Annotations

Branches:
Dungeon (3/15)

Altars:
Gozag
Zin


Message History

Your crimson imp barely misses the orc warrior.
Your hound barely misses the orc warrior.
Unknown command.
The orc hits your hound.
Your hound bites the orc.
Your crimson imp hits the orc warrior but does no damage.
Unknown command.
Casting: Call Imp
Confirm with . or Enter, or press ? or * to list all spells.
A beastly little devil appears in a puff of flame.
Your hound bites the orc.
The orc dies!
Your crimson imp hits the orc warrior but does no damage.
Your hound barely misses the orc warrior.
Unknown command.
Your crimson imp blinks!
Your hound bites the orc warrior.
Your crimson imp hits the orc warrior but does no damage.
The orc warrior hits you from afar with a glaive!!
Ouch! That really hurt!
You die...

........#
#..............##.#...
........#
#.....................
........#
#.[............###....
........#####.#############
#.... .......#............#
#.... .......#............#
#)#.# ########............#
#...# #...##............#
##..# #...##........@...#
#..# #...##.....8......#
#..# ###...##.....ho5....#
#..#
..........5...........#
##.#
########..............# #..
........###########...# #..
........# ...# #..
........# ...# #..
........# ...# #..


You could see an orc warrior, a friendly guardian golem, a friendly hound and 2
friendly crimson imps.

Vanquished Creatures
  2 dart slugs (D:1)
  2 leopard geckos
  3 orcs (D:3)
  3 giant cockroaches
  7 goblins
  5 jackals (D:3)
  2 kobolds
  A quokka (D:3)
  3 bats (D:1)
  6 frilled lizards
  8 rats
42 creatures vanquished.

Vanquished Creatures (collateral kills)
  A scorpion (D:3)
  An orc wizard (D:3)
  An adder (D:3)
  2 worms (D:3)
  An orc (D:3)
  A giant cockroach (D:1)
  3 goblins
  3 hobgoblins
  2 jackals (D:3)
  A bat (D:1)
  A rat (D:3)
17 creatures vanquished.

Grand Total: 59 creatures vanquished

Notes
Turn   | Place    | Note
-------+----------+-------------------------------------------
     0 | D:1      | mopl the Merfolk Summoner began the quest for the Orb.
     0 | D:1      | Reached XP level 1. HP: 13/13 MP: 3/3
   389 | D:1      | Reached XP level 2. HP: 15/19 MP: 3/5
   403 | D:1      | Learned a level 2 spell: Call Imp
   843 | D:1      | Reached XP level 3. HP: 17/24 MP: 6/6
  1009 | D:2      | Learned a level 3 spell: Call Canine Familiar
  1834 | D:3      | Reached skill level 5 in Summonings
  1834 | D:3      | Reached XP level 4. HP: 30/30 MP: 3/8
  1900 | D:3      | Reached skill level 3 in Spellcasting
  2189 | D:3      | Found a glowing silver altar of Zin.
  2190 | D:3      | Found an opulent altar of Gozag.
  2697 | D:3      | Reached XP level 5. HP: 33/35 MP: 10/10
  2806 | D:3      | Noticed an orc warrior
  2831 | D:3      | Learned a level 3 spell: Summon Guardian Golem
  2856 | D:3      | Mangled by an orc warrior

Vault maps used:
D:1:      dpeg_arrival_round_c
D:2:      first_ration, serial_bayou_lagoon_a, minmay_misc_feat_ornament
D:3:      corexii_shack_village, grunt_temple_overflow_gold_and_silver

Skill      XL: |  1  2  3  4 |
---------------+-------------+-----
Summonings     | 5 |  5.3
Spellcasting   | 3 |  3.3
Dodging        | |  2.6
Stealth        | |  2.1

Action                   |  1- 3 |  4- 6 || total
-------------------------+-------+-------++-------
Melee: Short sword       |    96 |    90 ||   186
       Unarmed           |     7 |       ||     7
 Cast: Summon Small Mamm |    11 |     3 ||    14
       Call Imp          |     3 |     7 ||    10
       Call Canine Famil |     1 |     8 ||     9
       Summon Guardian G |       |     1 ||     1
 Stab: Sleeping          |     9 |       ||     9
       Distracted        |       |     1 ||     1
  Eat: Chunk             |     3 |     3 ||     6
       Ration            |       |     1 ||     1
Armor: Robe              |    22 |    25 ||    47
Dodge: Dodged            |    75 |    59 ||   134
Block: Other             |    11 |    24 ||    35
       Reflection        |     1 |       ||     1

Table legend:
 A = Spawn XP
 B = Non-spawn XP
 C = Spawn XP percentage of total XP
 D = Spawn monster count
 E = Non-spawn monster count
 F = Spawn count percentage of total count
 G = Total turns spent on level
                    A         B        C        D         E        F      G
               +---------+---------+-------+---------+---------+-------+---------
         Total |       0 |     168 |   0.0 |       0 |      59 |   0.0 |  2856
               +---------+---------+-------+---------+---------+-------+---------
           D:1 |       0 |      39 |   0.0 |       0 |      26 |   0.0 |  1004
           D:2 |       0 |       8 |   0.0 |       0 |       5 |   0.0 |   700
           D:3 |       0 |     121 |   0.0 |       0 |      28 |   0.0 |  1152
               +---------+---------+-------+---------+---------+-------+---------
